TOP OF THE 1ST |
Dublin Jerome HS Celtics batting - Pitching for Brookline HS Warriors : LHP Juan Varela
|
Pitching: LHP Juan Varela
|
|
Batting: LHB Paul Holcomb
|
0-0: Ball 1-0: Foul Ball, location: 2F 1-1: Foul Ball, location: 2F 1-2: SINGLE (Groundball, 56D)
|
Batting: RHB Cy Wilcox
|
0-0: Called Strike 0-1: Ground out 5-3 (Groundball, 5S) Paul Holcomb to second
|
Batting: RHB Pedro Polanco
|
0-0: Swinging Strike 0-1: 2-RUN HOME RUN (Flyball, 7LD), Distance : 371 ft
|
Batting: SHB Pete Jones
|
0-0: SINGLE (Flyball, 7LM)
|
Batting: LHB Dale González
|
0-0: Ball 1-0: Ball 2-0: Ball 3-0: Called Strike 3-1: Called Strike 3-2: Strikes out looking
|
Batting: RHB Deron McClendon
|
0-0: Ball 1-0: Called Strike 1-1: Foul Ball, location: 2F 1-2: Ground out 5-3 (Groundball, 56)
|
Top of the 1st over - 2 run(s), 3 hit(s), 0 error(s), 1 left on base; Dublin Jerome HS 2 - Brookline HS 0 |
BOTTOM OF THE 1ST |
Brookline HS Warriors batting - Pitching for Dublin Jerome HS Celtics : RHP Teddy Wright
|
Pitching: RHP Teddy Wright
|
|
Batting: LHB Jonathan Martin
|
0-0: Ball 1-0: Foul Ball, location: 2F 1-1: Ball 2-1: Foul Ball, location: 2F 2-2: Strikes out looking
|
Batting: LHB Desmond Huth
|
0-0: Ball 1-0: SINGLE (Line Drive, 6M)
|
Batting: RHB Tom McBride
|
0-0: Ball 1-0: Fly out, F4 (Popup, 34D)
|
Batting: RHB Tim Smith
|
0-0: Ball Desmond Huth steals 2nd base 1-0: Called Strike 1-1: DOUBLE (Line Drive, 78M) Desmond Huth scores
|
Batting: SHB Luis Rodríguez
|
0-0: Foul Ball, location: 2F 0-1: Ball 1-1: Fly out, F7 (Flyball, 7M)
|
Bottom of the 1st over - 1 run(s), 2 hit(s), 0 error(s), 1 left on base; Dublin Jerome HS 2 - Brookline HS 1 |
TOP OF THE 2ND |
Dublin Jerome HS Celtics batting - Pitching for Brookline HS Warriors : LHP Juan Varela
|
Batting: RHB David Silva
|
0-0: Ball 1-0: Ball 2-0: Ball 3-0: Called Strike 3-1: Base on Balls
|
Batting: RHB Garrett Hinton
|
0-0: Ball 1-0: Ball 2-0: Ball 3-0: Base on Balls David Silva to second
|
Batting: RHB Chris Curry
|
0-0: Fly out, F3 (Popup, 34)
|
Batting: LHB Paul Holcomb
|
0-0: Ball 1-0: Foul Ball, location: 2F 1-1: Foul Ball, location: 2F 1-2: SINGLE (Flyball, 7S) David Silva to third Garrett Hinton to second Runner from 3rd tries for Home, SAFE, no throw or cutoff
|
Batting: RHB Cy Wilcox
|
0-0: Called Strike 0-1: Hit by Pitch Garrett Hinton to third Paul Holcomb to second
|
Batting: RHB Pedro Polanco
|
0-0: Ball 1-0: Ball 2-0: Foul Ball, location: 2F 2-1: Fly out, F3 (Popup, 34)
|
Batting: SHB Pete Jones
|
0-0: SINGLE (Groundball, 4MD) Garrett Hinton scores Paul Holcomb to third Cy Wilcox to second Runner from 3rd tries for Home, SAFE, no throw or cutoff
|
Batting: LHB Dale González
|
0-0: Called Strike 0-1: Called Strike 0-2: Strikes out swinging
|
Top of the 2nd over - 3 run(s), 2 hit(s), 0 error(s), 2 left on base; Dublin Jerome HS 5 - Brookline HS 1 |
BOTTOM OF THE 2ND |
Brookline HS Warriors batting - Pitching for Dublin Jerome HS Celtics : RHP Teddy Wright
|
Batting: RHB Francisco Durango
|
0-0: Ball 1-0: Called Strike 1-1: Ground out 5-3 (Groundball, 56S)
|
Batting: RHB Ben Bond
|
0-0: Called Strike 0-1: Foul Ball, location: 2F 0-2: Ball 1-2: Foul Ball, location: 2F 1-2: Ground out 6-3 (Groundball, 6)
|
Batting: RHB Bob Bishop
|
0-0: Ball 1-0: Called Strike 1-1: Ground out 4-3 (Groundball, 4)
|
Bottom of the 2nd over - 0 run(s), 0 hit(s), 0 error(s), 0 left on base; Dublin Jerome HS 5 - Brookline HS 1 |
TOP OF THE 3RD |
Dublin Jerome HS Celtics batting - Pitching for Brookline HS Warriors : LHP Juan Varela
|
Batting: RHB Deron McClendon
|
0-0: Foul Ball, location: 2F 0-1: Called Strike 0-2: Ball 1-2: Strikes out looking
|
Batting: RHB David Silva
|
0-0: Ball 1-0: Called Strike 1-1: Ball 2-1: Ball 3-1: Foul Ball, location: 2F 3-2: Base on Balls
|
Batting: RHB Garrett Hinton
|
0-0: Ball 1-0: SINGLE (Line Drive, 9S) David Silva to second
|
Batting: RHB Chris Curry
|
0-0: Foul Ball, location: 2F 0-1: Ball 1-1: Ball 2-1: Swinging Strike 2-2: Ball 3-2: Grounds into double play, 4-6-3 (Groundball, 4)
|
Top of the 3rd over - 0 run(s), 1 hit(s), 0 error(s), 1 left on base; Dublin Jerome HS 5 - Brookline HS 1 |
BOTTOM OF THE 3RD |
Brookline HS Warriors batting - Pitching for Dublin Jerome HS Celtics : RHP Teddy Wright
|
Batting: RHB Patrick Chávez
|
0-0: Ball 1-0: Called Strike 1-1: Foul Ball, location: 2F 1-2: Ball 2-2: Ball 3-2: SINGLE (Line Drive, 6D)
|
Batting: LHB Jonathan Martin
|
0-0: Ball Patrick Chávez is caught stealing 2nd base 1-0: Ball 2-0: Foul Ball, location: 2F 2-1: Called Strike 2-2: Foul Ball, location: 2F 2-2: Ball 3-2: DOUBLE (Line Drive, 9LM)
|
Batting: LHB Desmond Huth
|
0-0: Called Strike 0-1: Ball 1-1: Foul Ball, location: 2F 1-2: SINGLE (Groundball, 4MD) (infield hit) Jonathan Martin to third
|
Batting: RHB Tom McBride
|
0-0: Fly out, F8 (Flyball, 8RM) Runner from 3rd tags up, SCORES, no throw
|
Batting: RHB Tim Smith
|
0-0: Foul Ball, location: 2F 0-1: Ball 1-1: Ball 2-1: Called Strike Desmond Huth steals 2nd base Error on foul ball, E5 2-2: Foul Ball, location: 2F 2-2: Fly out, F8 (Flyball, 8LM)
|
Bottom of the 3rd over - 1 run(s), 3 hit(s), 1 error(s), 1 left on base; Dublin Jerome HS 5 - Brookline HS 2 |
TOP OF THE 4TH |
Dublin Jerome HS Celtics batting - Pitching for Brookline HS Warriors : LHP Juan Varela
|
Batting: LHB Paul Holcomb
|
0-0: Foul Ball, location: 2F 0-1: Foul Ball, location: 2F 0-2: Ball 1-2: Ball 2-2: Ground out 4-3 (Groundball, 4)
|
Batting: RHB Cy Wilcox
|
0-0: Called Strike 0-1: Ball 1-1: Foul Ball, location: 2F 1-2: Foul Ball, location: 2F 1-2: Ball 2-2: Reached on error, E6 (Groundball, 6)
|
Batting: RHB Pedro Polanco
|
0-0: Ball 1-0: Called Strike 1-1: Ball 2-1: Ball 3-1: Base on Balls Cy Wilcox to second
|
Batting: SHB Pete Jones
|
0-0: Called Strike 0-1: Ball 1-1: Fly out, F9 (Flyball, 9M)
|
Pitching: LHP Laurent Bélisle
|
|
Batting: LHB Dale González
|
0-0: Fly out, F8 (Flyball, 89M)
|
Top of the 4th over - 0 run(s), 0 hit(s), 1 error(s), 2 left on base; Dublin Jerome HS 5 - Brookline HS 2 |
BOTTOM OF THE 4TH |
Brookline HS Warriors batting - Pitching for Dublin Jerome HS Celtics : RHP Teddy Wright
|
Batting: SHB Luis Rodríguez
|
0-0: Ball 1-0: Ball 2-0: Foul Ball, location: 2F 2-1: Ball 3-1: Base on Balls
|
Batting: RHB Francisco Durango
|
0-0: Ball 1-0: Swinging Strike 1-1: Grounds into double play, 6-4-3 (Groundball, 6M)
|
Batting: RHB Ben Bond
|
0-0: Ball 1-0: SINGLE (Flyball, 7S)
|
Batting: RHB Bob Bishop
|
0-0: Ball Passed Ball! Ben Bond to second 1-0: 2-RUN HOME RUN (Flyball, 7D), Distance : 412 ft
|
Batting: RHB Patrick Chávez
|
0-0: Ball 1-0: Ball 2-0: Ball 3-0: Base on Balls
|
Batting: LHB Jonathan Martin
|
0-0: Ball 1-0: Called Strike 1-1: Foul Ball, location: 2F 1-2: SINGLE (Groundball, 23) (infield hit) Patrick Chávez to second
|
Batting: LHB Desmond Huth
|
0-0: Ball 1-0: Ball 2-0: Foul Ball, location: 2F 2-1: Ball 3-1: Foul Ball, location: 2F 3-2: Foul Ball, location: 2F 3-2: Foul Ball, location: 2F 3-2: 3-RUN HOME RUN (Line Drive, 9LD), Distance : 354 ft
|
Batting: RHB Tom McBride
|
0-0: Fly out, F2 (Popup, 2RF)
|
Bottom of the 4th over - 5 run(s), 4 hit(s), 0 error(s), 0 left on base; Dublin Jerome HS 5 - Brookline HS 7 |
TOP OF THE 5TH |
Dublin Jerome HS Celtics batting - Pitching for Brookline HS Warriors : LHP Laurent Bélisle
|
Batting: RHB Deron McClendon
|
0-0: Ball 1-0: Foul Ball, location: 2F 1-1: Ball 2-1: Foul Ball, location: 2F 2-2: Foul Ball, location: 2F 2-2: Ball 3-2: Strikes out swinging
|
Batting: RHB David Silva
|
0-0: Bunt for hit - play at first, batter safe!
|
Batting: RHB Garrett Hinton
|
0-0: Ball 1-0: Swinging Strike 1-1: Called Strike 1-2: Strikes out swinging
|
Batting: RHB Chris Curry
|
0-0: Ball 1-0: Fly out, F8 (Flyball, 8LS)
|
Top of the 5th over - 0 run(s), 1 hit(s), 0 error(s), 1 left on base; Dublin Jerome HS 5 - Brookline HS 7 |
BOTTOM OF THE 5TH |
Brookline HS Warriors batting - Pitching for Dublin Jerome HS Celtics : RHP Teddy Wright
|
Pitching: RHP Zach Hutchinson
|
|
Batting: RHB Tim Smith
|
0-0: Ball 1-0: Called Strike 1-1: Fly out, F8 (Line Drive, 8LM)
|
Batting: SHB Luis Rodríguez
|
0-0: Ball 1-0: Ball 2-0: Ball 3-0: Base on Balls
|
Batting: RHB Francisco Durango
|
0-0: Ball 1-0: Fly out, F2 (Popup, 2RF)
|
Batting: RHB Ben Bond
|
0-0: Reached on error, E6 (Groundball, 6) Luis Rodríguez to third
|
Batting: RHB Bob Bishop
|
0-0: Ball 1-0: Ball 2-0: Ball 3-0: Called Strike 3-1: Base on Balls
|
Batting: RHB Patrick Chávez
|
0-0: Ball 1-0: Called Strike 1-1: Ball 2-1: Foul Ball, location: 2F 2-2: Strikes out swinging
|
Bottom of the 5th over - 0 run(s), 0 hit(s), 1 error(s), 3 left on base; Dublin Jerome HS 5 - Brookline HS 7 |
TOP OF THE 6TH |
Dublin Jerome HS Celtics batting - Pitching for Brookline HS Warriors : LHP Laurent Bélisle
|
Batting: LHB Paul Holcomb
|
0-0: Ball 1-0: Ball 2-0: Called Strike 2-1: Called Strike 2-2: Ground out 4-3 (Groundball, 4M)
|
Batting: RHB Cy Wilcox
|
0-0: Swinging Strike 0-1: Called Strike 0-2: Strikes out swinging
|
Batting: RHB Pedro Polanco
|
0-0: Ball 1-0: Ball 2-0: Ball 3-0: Base on Balls
|
Batting: SHB Pete Jones
|
0-0: Ball Wild Pitch! Pedro Polanco to second 1-0: Ball 2-0: Ball 3-0: Called Strike 3-1: Foul Ball, location: 2F 3-2: Foul Ball, location: 2F 3-2: Foul Ball, location: 2F 3-2: Base on Balls
|
Batting: LHB Dale González
|
0-0: Ball 1-0: Called Strike 1-1: Fly out, F7 (Flyball, 7M)
|
Top of the 6th over - 0 run(s), 0 hit(s), 0 error(s), 2 left on base; Dublin Jerome HS 5 - Brookline HS 7 |
BOTTOM OF THE 6TH |
Brookline HS Warriors batting - Pitching for Dublin Jerome HS Celtics : RHP Zach Hutchinson
|
Batting: LHB Jonathan Martin
|
0-0: Called Strike 0-1: Called Strike 0-2: Ball 1-2: Foul Ball, location: 2F 1-2: Ball 2-2: Ball 3-2: Foul Ball, location: 2F 3-2: Base on Balls
|
Batting: LHB Desmond Huth
|
0-0: Ball Jonathan Martin is caught stealing 2nd base 1-0: Swinging Strike 1-1: Ball 2-1: Foul Ball, location: 2F 2-2: Foul Ball, location: 2F 2-2: Ball 3-2: Foul Ball, location: 2F 3-2: Base on Balls
|
Batting: RHB Tom McBride
|
0-0: Ball 1-0: SINGLE (Line Drive, 6D) Desmond Huth to second
|
Batting: RHB Tim Smith
|
0-0: Ball 1-0: Ball 2-0: Ball 3-0: Base on Balls Desmond Huth to third Tom McBride to second
|
Batting: SHB Luis Rodríguez
|
0-0: Swinging Strike 0-1: Ball 1-1: Foul Ball, location: 2F 1-2: Strikes out swinging
|
Batting: RHB Francisco Durango
|
0-0: Foul Ball, location: 2F 0-1: Called Strike 0-2: Fielders Choice at 2nd, U6 (Groundball, 6M)
|
Bottom of the 6th over - 0 run(s), 1 hit(s), 0 error(s), 3 left on base; Dublin Jerome HS 5 - Brookline HS 7 |
TOP OF THE 7TH |
Dublin Jerome HS Celtics batting - Pitching for Brookline HS Warriors : LHP Laurent Bélisle
|
Pitching: RHP Keith Feltham
|
|
Batting: RHB Deron McClendon
|
0-0: Ball 1-0: SINGLE (Groundball, 6MD)
|
Batting: RHB David Silva
|
0-0: Bunted foul 0-1: Sac Bunt - play at first, batter OUT! 5-4 Deron McClendon to second
|
Batting: RHB Garrett Hinton
|
0-0: Ball 1-0: Fly out, F8 (Flyball, 8LM) Runner from 2nd tags up, OUT at 3rd
|
Top of the 7th over - 0 run(s), 1 hit(s), 0 error(s), 0 left on base; Dublin Jerome HS 5 - Brookline HS 7 |
BOTTOM OF THE 7TH |
Brookline HS Warriors batting - Pitching for Dublin Jerome HS Celtics : RHP Zach Hutchinson
|
Pitching: LHP Dan Riggs
|
|
Batting: RHB Ben Bond
|
0-0: Ground out 5-3 (Groundball, 5L)
|
Batting: RHB Bob Bishop
|
0-0: Foul Ball, location: 2F 0-1: Fly out, F7 (Flyball, 78M)
|
Batting: RHB Patrick Chávez
|
0-0: Fly out, F9 (Flyball, 89M)
|
Bottom of the 7th over - 0 run(s), 0 hit(s), 0 error(s), 0 left on base; Dublin Jerome HS 5 - Brookline HS 7 |
TOP OF THE 8TH |
Dublin Jerome HS Celtics batting - Pitching for Brookline HS Warriors : RHP Keith Feltham
|
Batting: RHB Chris Curry
|
0-0: Ball 1-0: Swinging Strike 1-1: Foul Ball, location: 2F 1-2: Ball 2-2: Foul Ball, location: 2F 2-2: Fly out, F8 (Flyball, 8RM)
|
Batting: LHB Paul Holcomb
|
0-0: Swinging Strike 0-1: SINGLE (Groundball, 5D)
|
Pitching: RHP Elliott Hinton
|
|
Batting: RHB Cy Wilcox
|
0-0: Called Strike 0-1: Ball 1-1: Fly out, F4 (Popup, 34D)
|
Batting: RHB Pedro Polanco
|
0-0: Ball 1-0: Ball 2-0: Called Strike 2-1: Foul Ball, location: 2F 2-2: Foul Ball, location: 2F 2-2: Ball 3-2: Base on Balls Paul Holcomb to second
|
Batting: SHB Pete Jones
|
0-0: Called Strike 0-1: Swinging Strike 0-2: Strikes out swinging
|
Top of the 8th over - 0 run(s), 1 hit(s), 0 error(s), 2 left on base; Dublin Jerome HS 5 - Brookline HS 7 |
BOTTOM OF THE 8TH |
Brookline HS Warriors batting - Pitching for Dublin Jerome HS Celtics : LHP Dan Riggs
|
Batting: LHB Jonathan Martin
|
0-0: Ball 1-0: Called Strike 1-1: Ball 2-1: Ball 3-1: Base on Balls
|
Batting: LHB Desmond Huth
|
0-0: Ball 1-0: Grounds into double play, 4-6-3 (Groundball, 4)
|
Batting: RHB Tom McBride
|
0-0: Ball 1-0: Ball 2-0: Ball 3-0: Base on Balls
|
Batting: RHB Tim Smith
|
0-0: Reached on Error, E8 (Flyball, 8LM) Tom McBride to third
|
Batting: SHB Luis Rodríguez
|
0-0: Ball 1-0: Ball 2-0: Ball 3-0: Base on Balls
|
Batting: RHB Francisco Durango
|
0-0: Ball 1-0: Ground out 6-3 (Groundball, 6)
|
Bottom of the 8th over - 0 run(s), 0 hit(s), 1 error(s), 3 left on base; Dublin Jerome HS 5 - Brookline HS 7 |
TOP OF THE 9TH |
Dublin Jerome HS Celtics batting - Pitching for Brookline HS Warriors : RHP Elliott Hinton
|
Pitching: RHP Wally O'Dowling
|
|
Batting: LHB Dale González
|
0-0: Ball 1-0: Ground out 6-3 (Groundball, 6S)
|
Batting: RHB Deron McClendon
|
0-0: DOUBLE (Flyball, 9LM)
|
Batting: RHB David Silva
|
0-0: Ball 1-0: Foul Ball, location: 2F 1-1: Ball 2-1: Ground out 1-3 (Groundball, 15)
|
Batting: RHB Garrett Hinton
|
0-0: Ground out 6-3 (Groundball, 6)
|
Top of the 9th over - 0 run(s), 1 hit(s), 0 error(s), 1 left on base; Dublin Jerome HS 5 - Brookline HS 7 |
|